 Dungeon Crawl Stone Soup version 0.31-a0-675-g238779eb0a (webtiles) character file.

Game seed: 66440009171219986

69 qw the Shooter (level 4, -12/28 HPs)
             Began as a Gargoyle Hunter on Sept 5, 2023.
             Mangled by an ogre
             ... wielding a +0 giant spiked club
              (21 damage)
             ... on level 4 of the Dungeon.
             The game lasted 00:00:38 (1992 turns).

qw the Shooter (Gargoyle Hunter)                    Turns: 1992, Time: 00:00:38

Health: -12/28     AC:  6    Str: 14    XL:     4   Next: 20%
Magic:  4/4        EV: 11    Int: 10    God:
Gold:   136        SH:  0    Dex: 15    Spells: 3/3 levels left

rFire   . . .        Y - +0 shortbow (freeze)
rCold   . . .        (shield currently unavailable)
rNeg    + . .        c - +0 leather armour
rPois   inf          (no helmet)
rElec   +            (no cloak)
rCorr   .            (no gloves)
SInv    .            (no boots)
Will    .....        (no amulet)
Stlth   ++           (no ring)
HPRegen 0.24/turn    (no ring)
MPRegen 0.09/turn

%: no passive effects
@: no status effects
A: sickness immunity, AC +3, negative energy resistance 1, electricity
resistance, torment resistance 1, petrification resistance
a: no special abilities


You were on level 4 of the Dungeon.
You visited 1 branch of the dungeon, and saw 5 of its levels.

You collected 136 gold pieces.


Innate Abilities, Weirdness & Mutations

You are immune to sickness and miasma.
Your stone body is resilient. (AC +3)
You are immune to poison.
You resist negative energy. (rN+)
You are resistant to electric shocks. (rElec)
You are resistant to unholy torment.
You are immune to petrification.


   Skills:
 - Level 3.0 Fighting
 + Level 5.3 Ranged Weapons
 - Level 1.5 Dodging
 - Level 1.1 Stealth


You had 3 spell levels left.
You didn't know any spells.
Your spell library was empty.

Inventory:

Hand Weapons
 Y - a +0 shortbow of freezing (weapon)
Armour
 c - a +0 leather armour (worn)
Scrolls
 a - 4 scrolls of teleportation
 b - a scroll of identify
Potions
 d - a potion of haste
 e - a potion of mutation {unknown}
 f - a potion of degeneration {unknown}
 h - a potion of curing {unknown}
 i - a potion of invisibility {unknown}

Dungeon Overview and Level Annotations

Branches:
Dungeon (5/15)
 Temple: D:4-7

Altars:
Wu Jian
Xom


Message History

You climb upwards.
Found a fuming purple potion.
There is a stone staircase leading down here.
Waypoint 4 assigned to D:4.
f - a fuming purple potion An ogre comes into view.
It is wielding a +0 giant spiked club.
You shoot an arrow. The arrow hits the ogre.
The arrow freezes the ogre.
The ogre shouts!
The ogre is lightly wounded.
You shoot an arrow. The arrow hits the ogre.
The arrow freezes the ogre.
The ogre is moderately wounded.
You shoot an arrow.
The arrow hits the ogre but does no damage.
The ogre is moderately wounded.
An iguana comes into view.
1986 |||
Found retreat position at -1,-1 (floor) with 0 blocking monsters and 1 monsters attacking at destination at distance 1 x2
1986 ||| RETREATING.
You shoot an arrow. The arrow barely misses the ogre.
The arrow hits the iguana but does no damage.
The ogre barely misses you.
You shoot an arrow. The arrow barely misses the ogre.
The arrow hits the iguana.
The arrow freezes the iguana.
The iguana is moderately wounded.
The ogre barely misses you.
You shoot an arrow. The arrow hits the ogre.
The arrow freezes the ogre.
The ogre is severely wounded.
You shoot an arrow. The arrow hits the ogre.
The arrow freezes the ogre.
The ogre is severely wounded.
The ogre hits you with a +0 giant spiked club!!
Ouch! That really hurt!
You shoot an arrow.
The arrow hits the ogre but does no damage.
The ogre is severely wounded.
The ogre closely misses you.
You shoot an arrow.
The arrow hits the ogre but does no damage.
The ogre is severely wounded.
The ogre hits you with a +0 giant spiked club!!
Ouch! That really hurt!
You die...

#.#######
#...lO@.# ####
#.#####.####....
#........#...#
#......#...###
..####.......#
#...#.#.+
#...#.# #
#...#.# #...#..


You could see an ogre and an iguana.

Vanquished Creatures
  An adder (D:2)
  4 dart slugs
  4 bats
  9 endoplasms
  A giant cockroach (D:2)
  8 goblins
  5 hobgoblins (D:1)
  2 quokkas
  4 ball pythons
  6 frilled lizards
  2 kobolds
  2 rats
48 creatures vanquished.

Notes
Turn   | Place    | Note
-------+----------+-------------------------------------------
     0 | D:1      | qw the Gargoyle Hunter began the quest for the Orb.
     0 | D:1      | Reached XP level 1. HP: 12/12 MP: 1/1
     0 | D:1      | 0 ||| qw: Version: 0.3-a-75-g829b12e
     0 | D:1      | 0 ||| qw: Game counter: 193
     0 | D:1      | 0 ||| qw: Melee chars always use a shield: true
     0 | D:1      | 0 ||| qw: God list: Okawaru
     0 | D:1      | 0 ||| qw: Allow faded altars: false
     0 | D:1      | 0 ||| qw: Do Orc after clearing Dungeon:15 true
     0 | D:1      | 0 ||| qw: Do second Lair branch before Depths: true
     0 | D:1      | 0 ||| qw: Lair rune preference: random
     0 | D:1      | 0 ||| qw: Goals: Normal
     0 | D:1      | 0 ||| PLANNING D:1-11
    95 | D:1      | Reached XP level 2. HP: 17/17 MP: 2/2
   472 | D:1      | Reached XP level 3. HP: 21/21 MP: 3/3
   705 | D:1      | Reached skill level 5 in Ranged Weapons
   917 | D:1      | 917 ||| READING scroll labelled ROCUXZ URIE.
   922 | D:1      | 922 ||| READING scroll labelled TIGANU HIRILL.
   923 | D:1      | 923 ||| DROPPING scroll of butterflies.
  1236 | D:2      | Reached skill level 3 in Fighting
  1291 | D:2      | Reached XP level 4. HP: 28/28 MP: 4/4
  1735 | D:2      | 1735 ||| READING 3 scrolls labelled ILUAHAIFEY.
  1736 | D:2      | 1736 ||| READING scroll labelled IQOJAPONTO.
  1737 | D:2      | 1737 ||| READING scroll labelled ATOTERRU MYF QAEJI.
  1738 | D:2      | 1738 ||| READING scroll labelled POMOKI GUAT.
  1739 | D:2      | 1739 ||| READING 2 scrolls of identify.
  1739 | D:2      | 1739 ||| IDENTIFYING puce potion
  1782 | D:3      | Found a shimmering altar of Xom.
  1942 | D:3      | Found an ornate altar of the Wu Jian Council.
  1958 | D:3      | You fall into a shaft and drop 2 floors!
  1958 | D:5      | Entered Level 5 of the Dungeon
  1982 | D:4      | Noticed an ogre
  1986 | D:4      | 1986 ||| RETREATING.
  1992 | D:4      | Mangled by an ogre

Levels and vault maps discovered:
D:1:      zelgadis_glass_arrival_small, layout_basic, hangedman_decor_push,
          minmay_tree_intersection, hangedman_decor_diamond_cutter
D:2:      minmay_inner_zag, layout_basic, minmay_hexomino_f4
D:3:      layout_loops_cross, mainiacjoe_overflow_surrounded_room,
          xom_butterflies
D:4:      layout_loops_ring, amcnicky_altar_gilded, temple_fountains,
          serial_shops, kennysheep_little_box
D:5:      lemuel_castle_with_subvaults [lemuel_castle_interior_original],
          layout_cave_pools, nicolae_elyvilon_peaceful_grove,
          nicolae_dithmenos_the_darkroom, lemuel_crystal_altar,
          kiku_gazebo_pond_becter, serial_shops, shop,
          nicolae_elevator_lobby_plus

Skill      XL: |  1  2  3 |
---------------+----------+-----
Ranged Weapons | 5 |  5.3
Fighting       | 3 |  3.0
Dodging        | |  1.5
Stealth        | |  1.1

Action                     |  1- 3 |  4- 6 || total
---------------------------+-------+-------++-------
   Fire: Shortbow          |   114 |    28 ||   142
    Use: Scroll            |     2 |     5 ||     7
 Armour: Leather armour    |    18 |     4 ||    22
  Dodge: Dodged            |    25 |     8 ||    33

Table legend:
 A = Non-vault XP
 B = Vault XP
 C = Vault XP percentage of total XP
 D = Non-vault monster count
 E = Vault monster count
 F = Vault count percentage of total count
                 A         B        C        D         E       F
            +---------+---------+-------+---------+---------+-------
      Total |      80 |      19 |  19.2 |      37 |      11 |  22.9
            +---------+---------+-------+---------+---------+-------
        D:1 |      41 |       0 |   0.0 |      23 |       0 |   0.0
        D:2 |      35 |      19 |  35.2 |      12 |      11 |  47.8
        D:3 |       4 |       0 |   0.0 |       2 |       0 |   0.0
            +---------+---------+-------+---------+---------+-------
